 Dungeon Crawl Stone Soup version 0.29.1-13-g9f3cf754e1 (webtiles) character file.

Game seed: 10549383286835800540

121 Peloso the Covered (level 4, -1/41 HPs)
             Began as a Minotaur Fighter on Jan 25, 2023.
             Killed by divine providence
             ... invoked by an orc priest
              (11 damage)
             ... on level 3 of the Dungeon.
             The game lasted 00:03:47 (2425 turns).

Peloso the Covered (Minotaur Fighter)               Turns: 2425, Time: 00:03:48

Health: -1/41      AC:  7    Str: 20    XL:     4   Next: 77%
Magic:  3/3        EV:  9    Int:  5    God:
Gold:   123        SH:  0    Dex: 12    Spells: 3/3 levels left

rFire   . . .      SeeInvis .   a - +0 long sword
rCold   . . .      Faith    .   c - +0 buckler
rNeg    . . .      Spirit   .   b - +0 scale mail
rPois   .          Reflect  .   (helmet restricted)
rElec   .          Harm     .   (no cloak)
rCorr   .          Rampage  .   (no gloves)
Will    .....                   (no boots)
Stlth   ..........              (no amulet)
HPRegen 0.13/turn               (no ring)
MPRegen 0.08/turn               (no ring)

@: confused
A: horns 2, retaliatory headbutt
a: no special abilities


You were on level 3 of the Dungeon.
You visited 1 branch of the dungeon, and saw 3 of its levels.

You collected 123 gold pieces.

Inventory:

Hand Weapons
 a - a +0 long sword (weapon)
Armour
 b - a +0 scale mail (worn)
 c - a +0 buckler (worn)
Jewellery
 j - a ring of flight
 l - an amulet of magic regeneration
Scrolls
 f - 2 scrolls of blinking {unknown}
 i - 2 scrolls of identify
 k - 2 scrolls of enchant weapon {unknown}
Potions
 d - 2 potions of might
 e - a potion of invisibility
 g - 2 potions of curing
 h - 2 potions of heal wounds


   Skills:
 + Level 4.4 Fighting
 + Level 3.7 Long Blades
 + Level 4.6 Armour
 + Level 0.8 Dodging
 + Level 4.4 Shields


You had 3 spell levels left.
You didn't know any spells.
Your spell library contained the following spells:

 Spells                   Type           Power      Damage    Failure   Level
 Foxfire                  Conj/Fire      0%         2x1d4     88%         1
 Conjure Flame            Conj/Fire      0%         6-21      99%         3
 Inner Flame              Hex/Fire       0%         N/A       99%         3
 Flame Wave               Conj/Fire      0%         2d4       100%        4
 Petrify                  Tmut/Erth      0%         N/A       100%        4
 Metabolic Englaciation   Hex/Ice        0%         N/A       100%        5
 Statue Form              Tmut/Erth      0%         N/A       100%        6


Dungeon Overview and Level Annotations

Branches:
Dungeon (3/15)

Altars:
Cheibriados

Annotations:
D:3 2 transporters


Innate Abilities, Weirdness & Mutations

You have a pair of horns on your head.
You reflexively headbutt those who attack you in melee.


Message History

The orc wizard hits you but does no damage.
The orc attacks as you move away! The orc hits you with a +0 short sword.
The orc wizard hits you but does no damage.
A giant cockroach comes into view.
The orc wizard gestures at you while chanting.
The magic dart hits you but does no damage.
Something hits you but does no damage. The orc wizard barely misses you.
There is an open door here.
You barely miss something.
You hear some strange, mumbled words.
A magic dart appears from out of thin air!
The magic dart hits you.
You slash something!
You hear some strange, mumbled words.
You are confused.
You bump into the rock wall.
Something hits you.
You bump into the rock wall.
Something hits you but does no damage. The orc wizard casts a spell at you.
The puff of flame hits something!
Reactivating autopickup.
You feel a bit more experienced.
You slash the orc!
You kill the orc!
The orc wizard mumbles some strange words.
The orc wizard flickers and vanishes!
Deactivating autopickup; reactivate with Ctrl-A.
The orc priest mumbles some strange prayers to Beogh against you.
Pain shoots through your body!
The rat twitches its whiskers.
You closely miss the orc priest. Your headbutt misses the orc priest.
The orc priest calls down the wrath of Beogh upon you.
Beogh smites you!
* * * LOW HITPOINT WARNING * * *
You're too confused to move!
The orc priest looks satisfied for a moment.
The orc priest attacks as you move away!
The orc priest barely misses you.
The orc priest calls down the wrath of Beogh upon you.
Beogh smites you!
You die...

... ...... ...######....
..[........ ....
.........# ###...
........o# #....######
....!....# #....#©....
........{#### ....#....
........oo..### #...#..# #
........r##@..###...#..#8#
.........####..)....#Z....
. .........#
##.###.©#Z.... $........#
..># #..#:.... ##########
#.### #..#..#8# #.
#..#..### .... # #..#Z....
....####### #..#.....
..........#####
#####..########


You could see an orc priest and an orc.

Vanquished Creatures
  Robin (D:1)
  An adder (D:2)
  2 worms (D:2)
  2 orcs (D:3)
  9 bats
  5 endoplasms
  2 giant cockroaches
  16 goblins
  13 hobgoblins
  2 jackals (D:2)
  A quokka (D:2)
  3 ball pythons
  4 frilled lizards (D:2)
  7 kobolds
  6 rats
74 creatures vanquished.

Vanquished Creatures (others)
  An orc wizard (D:3)
1 creature vanquished.

Grand Total: 75 creatures vanquished

Notes
Turn   | Place    | Note
-------+----------+-------------------------------------------
     0 | D:1      | Peloso the Minotaur Fighter began the quest for the Orb.
     0 | D:1      | Reached XP level 1. HP: 19/19 MP: 0/0
   212 | D:1      | Reached XP level 2. HP: 26/27 MP: 1/1
   726 | D:1      | Found a faded altar of an unknown god.
   920 | D:1      | Reached XP level 3. HP: 27/33 MP: 2/2
  1035 | D:2      | Noticed Robin
  1225 | D:1      | Killed Robin
  1426 | D:2      | Reached XP level 4. HP: 26/41 MP: 3/3
  2170 | D:3      | Found a transporter.
  2284 | D:3      | Found a snail-covered altar of Cheibriados.
  2390 | D:3      | Found a transporter.
  2425 | D:3      | Killed from afar by an orc priest

Illustrated notes

Levels and vault maps discovered:
D:1:      zelgadis_glass_arrival_small, layout_basic,
          hellmonk_ecumenical_altar_zigzags
D:2:      layout_rooms, uniq_robin
D:3:      layout_basic, mainiacjoe_overflow_small_starburst,
          gammafunk_ghost_mausoleum, minmay_misc_feat_diagonals,
          grunt_ministairs_15

Skill      XL: |  1  2  3 |
---------------+----------+-----
Fighting       | 4 |  4.4
Armour         | 4 |  4.6
Shields        | 4 |  4.4
Long Blades    | 3 |  3.7
Dodging        | |  0.8

Action                   |  1- 3 |  4- 6 || total
-------------------------+-------+-------++-------
Melee: Long sword        |    74 |    55 ||   129
       Headbutt          |    10 |     5 ||    15
  Use: Scroll            |     3 |     2 ||     5
       Potion            |     3 |       ||     3
Armor: Scale mail        |    62 |    22 ||    84
Dodge: Dodged            |    66 |    31 ||    97
Block: Buckler           |    23 |    13 ||    36
